 Dungeon Crawl Stone Soup version 0.19-a0-1686-g35356ef (webtiles) character file.

360811 Hennin the Executioner (level 21, -43/200 HPs)
             Began as a Minotaur Fighter on Sept 25, 2016.
             Was the Champion of Okawaru.
             Killed from afar by an ancient lich (106 damage)
             ... with an iron shot
             ... on level 5 of the Vaults.
             The game lasted 02:36:22 (51078 turns).

Hennin the Executioner (Minotaur Fighter)          Turns: 51078, Time: 02:36:23

Health: -43/200    AC: 35    Str: 33    XL:     21   Next: 48%
Magic:  0/25       EV: 25    Int:  6    God:    Okawaru [******]
Gold:   1242       SH: 21    Dex: 17    Spells: 2 memorised, 37 levels left

rFire  + + +     SeeInvis .     D - +9 war axe (chaos)
rCold  + . .     Gourm    .     O - +7 shadow dragon armour
rNeg   . . .     Faith    .     J - +1 shield "Naiqathro" {rPois}
rPois  +         Spirit   +     T - +2 hat {Spirit}
rElec  +         Dismiss  .     h - +0 cloak
rCorr  +         Reflect  +     M - +2 pair of gloves {Str+3}
MR     +....     Harm     .     x - +0 pair of boots of Daffodils {rF+ rCorr}
Stlth  +++.......               I - +4 amulet of reflection
                                F - +5 ring of slaying
                                e - ring "Moicyopp" {rF++ MP-9 Str+2 Stlth-}

@: agile, about to teleport, resistant (expiring), marked
A: retaliatory headbutt, horns 2
a: Heroism, Finesse, Renounce Religion
}: 2/15 runes: barnacled, gossamer


You were on level 5 of the Vaults.
You worshipped Okawaru.
Okawaru was exalted by your worship.
You were hungry.

You visited 8 branches of the dungeon, and saw 38 of its levels.
You visited 1 bazaar.
You also visited: Labyrinth, Sewer and Bailey.

You collected 5351 gold pieces.
You spent 4109 gold pieces at shops.

Inventory:

Hand Weapons
 k - a +1 broad axe of flaming
 D - a +9 war axe of chaos (weapon)
 H - the +5 eveningstar "Difuodd" {crush, rN+++}
   (You found it on level 4 of the Shoals)

   It inflicts extra damage upon your enemies.
   It renders you almost immune to negative energy.
Armour
 h - a +0 cloak (worn)
 x - the +0 pair of boots of Daffodils (worn) {rF+ rCorr}
   (You acquired it on level 1 of the Shoals)

   It protects you from fire.
   It protects you from acid and corrosion.
 J - the +1 shield "Naiqathro" (worn) {rPois}
   (Okawaru gifted it to you on level 3 of the Lair of Beasts)

   It protects you from poison.
 M - a +2 pair of gloves of strength (worn)
 O - a +7 shadow dragon armour (worn)
 T - a +2 hat of spirit shield (worn)
Jewellery
 e - the ring "Moicyopp" (left hand) {rF++ MP-9 Str+2 Stlth-}
   (You found it in a labyrinth)

   [ring of loudness]

   It affects your strength (+2).
   It greatly protects you from fire.
   It affects your magic capacity (-9).
   It makes you less stealthy.
 A - an uncursed ring of see invisible
 F - a +5 ring of slaying (right hand)
 I - a +4 amulet of reflection (around neck)
 V - a +6 ring of protection
 Z - a +4 ring of evasion
Wands
 n - a wand of iceblast (5/15)
 z - a wand of digging (8/24)
 B - a wand of confusion (29/48)
 S - a wand of digging (0/24)
 X - a wand of heal wounds (4/9)
Scrolls
 i - 6 scrolls of teleportation
 j - 17 scrolls of remove curse
 m - 4 scrolls of fear
 v - 6 scrolls of fog
 y - 4 scrolls of magic mapping
 L - 2 scrolls of recharging
 N - 5 scrolls of immolation
 R - 6 scrolls of blinking
 U - 2 scrolls of holy word
 W - a scroll of summoning
 Y - 3 scrolls of silence
Potions
 d - 2 potions of flight
 l - 4 potions of resistance
 o - 2 potions of magic
 p - a potion of agility
 q - 5 potions of ambrosia
 r - 2 potions of invisibility
 s - 15 potions of curing
 w - 5 potions of haste
 C - 3 potions of lignification
 E - 4 potions of brilliance
 K - a potion of berserk rage
 P - a potion of heal wounds
Miscellaneous
 g - a lamp of fire
Comestibles
 a - 8 royal jellies
 c - 4 fruits
 f - 17 bread rations
 t - 14 meat rations
 u - 3 beef jerkies
 G - a slice of pizza
 Q - 11 chunks of flesh


   Skills:
 + Level 19.9 Fighting
 * Level 23.4 Axes
 + Level 17.6 Armour
 + Level 16.0 Dodging
 + Level 17.5 Shields
 + Level 10.9 Spellcasting


You had 37 spell levels left.
You knew the following spells:

 Your Spells              Type           Power        Failure   Level  Hunger
a - Repel Missiles        Chrm/Air       #.....       73%         2    ##.....
b - Passwall              Tmut/Erth      #.........   73%         2    ##.....


Dungeon Overview and Level Annotations

Branches:
Dungeon (15/15)            Temple (1/1) D:6            Lair (6/6) D:11
 Shoals (4/4) Lair:3       Spider (4/4) Lair:4        Slime (0/5) Lair:6
    Orc (2/2) D:9             Elf (0/3) Orc:2        Vaults (5/5) D:14
  Crypt (0/3) Vaults:2     Depths (1/5) D:15

Altars:
Ashenzari
Cheibriados
Dithmenos
Elyvilon
Fedhas
Gozag
Hepliaklqana
Kikubaaqudgha
Makhleb
Nemelex Xobeh
Okawaru
Qazlal
Ru
Sif Muna
Trog
Uskayaw
Vehumet
Xom
Yredelemnul
Zin
The Shining One
Beogh

Shops:
D:8 =   D:11 %   D:13 ?}(}:   D:15 ?   Orc:2 !*(}   Shoals:4 *   Vaults:1 :

Portals:
Abyss: Depths:1
Pandemonium: Orc:2

Annotations:
Vaults:5 Jorgrun


Innate Abilities, Weirdness & Mutations

You reflexively headbutt those who attack you in melee.
You have a pair of horns on your head.


Message History

Unknown command.
Unknown command.
As you read the scroll of teleportation, it crumbles to dust.
You feel strangely unstable. The tormentor gestures at you.
The deep elf knight gestures wildly while chanting.
The storm dragon barely misses you. You furiously retaliate!
You headbutt the storm dragon! You block the storm dragon's attack. x2
Something hits you but does no damage.
The ironheart preserver mumbles some strange words.
The ironheart preserver begins to accept its allies' injuries.
The yaktaur captain unwields an uncursed arbalest.
You block the yaktaur captain's attack.
The phantasmal warrior blinks!
You block the vault sentinel's attack.
The crimson imp blinks!
Something claws you but does no damage. x2
You hear some strange, mumbled words.
An iron shot appears from out of thin air!
The iron shot hits you!
Ouch! That really hurt!
You die... #. #....#..eS ...#...c#..) ..s#....#.Y D..CC...e(# ##3eoDCC4.###### ...geeeC2CH..pO. ...5ep{[po...... .o.Cs2D@{op..... ...5s3cs{O...... ##p.§pe5DD###### ...Do5ohThop

...#.soo#*DX..
#.
#5..H#QoW§.§.
#
#..o.#...C.#.
#.p..##...##
#.... ....


You could see a tentacled monstrosity, Jorgrun, a dire elephant, 2 orc warlords,
3 ironheart preservers, a titan, a golden dragon, 3 storm dragons, a fire giant,
an ice dragon, a quicksilver dragon, 2 sphinxes, 2 stone giants, a tengu reaver,
2 yaktaur captains, a balrug, a vault guard, a swamp dragon shaped shifter, an
orc knight, a deep elf death mage, 4 ettins, an anaconda, a sun demon, a deep
elf demonologist, 4 vault sentinels, 2 deep elf knights, a phantasmal warrior, a
hellwing, 4 deep elf magi, a troll, a tormentor, a neqoxec, 2 wargs, a jumping
spider, 2 tarantellas, 5 orc warriors, 2 redbacks, 2 ogres, an iron imp, an orc
priest, a quasit, a battlesphere, a crimson imp, a white imp, a shadow imp and 2
orcs.

Vanquished Creatures
  Bai Suzhen (Shoals:4)
  Saint Roka (Vaults:1)
  A golden dragon (Vaults:5)
  Xtahua (Vaults:2)
  Nikola (Spider:1)
  Arachne (Spider:4)
  A lich (Vaults:4)
  A quicksilver dragon (Vaults:5)
  2 sphinxes
  A titan (Vaults:4)
  An ancient champion (Vaults:2)
  A shadow dragon (Vaults:5)
  A tengu reaver (Vaults:4)
  A storm dragon (Vaults:5)
  A shadow dragon (shapeshifter) (Shoals:4)
  Roxanne (Shoals:3)
  Ilsuiw (Shoals:4)
  2 frost giants
  2 deep elf sorcerers
  An orc warlord (Orc:2)
  5 vault wardens
  6 ghost moths
  Aizul (Shoals:4)
  7 emperor scorpions
  3 very ugly things
  12 ironheart preservers
  9 entropy weavers
  3 stone giants
  2 vampire knights (Vaults:2)
  A deep elf demonologist (Vaults:3)
  Azrael (Orc:2)
  2 deep elf annihilators
  4 spark wasps
  4 merfolk javelineers (Shoals:4)
  8 merfolk impalers
  A deep elf death mage (Vaults:3)
  2 ettins (Vaults:2)
  4 fire dragons
  A minotaur (Lab)
  A deep elf high priest (Vaults:5)
  Harold (Lair:1)
  14 yaktaur captains
  3 ice dragons
  7 hydras
  25 vault guards
  An alligator snapping turtle (Shoals:2)
  6 centaur warriors
  An anaconda (shapeshifter) (Vaults:4)
  A death knight (Vaults:4)
  6 merfolk aquamancers
  3 merfolk avatars
  A catoblepas (D:13)
  A small abomination (Vaults:3)
  9 ogre magi
  4 satyrs
  Erica (Lair:1)
  21 death yaks
  3 tengu warriors (D:15)
  A queen ant (Spider:2)
  2 orc high priests (Orc:2)
  4 deep elf knights
  A fire crab (shapeshifter) (Vaults:2)
  An unseen horror (shapeshifter) (Vaults:1)
  A shadow wraith (D:14)
  A sixfirhy (Orc:2)
  3 deep trolls
  A large abomination (Vaults:3)
  4 wizards
  An infernal demonspawn (Orc:2)
  9 hill giants
  22 sea snakes
  A torturous demonspawn (Orc:2)
  7 deep elf archers
  15 ironbrand convokers
  18 orc knights
  A kraken simulacrum (Shoals:4)
  3 necromancers
  22 harpies
  A putrid demonspawn (Orc:2)
  7 deep elf magi
  3 oklob plants (Lair:1)
  A phantasmal warrior (Vaults:5)
  38 ugly things
  8 hornets
  18 orb spiders
  6 moths of wrath
  19 fauns
  11 orc sorcerers
  A stone giant zombie (Vaults:2)
  22 wolf spiders
  17 slime creatures
  6 cyclopes
  16 manticores
  A human skeleton (Vaults:2)
  12 sirens
  3 centaur zombies
  3 elephants (Lair:4)
  3 black mambas
  A salamander (shapeshifter) (Vaults:4)
  A guardian serpent (Lair:6)
  A guardian serpent (shapeshifter) (Vaults:3)
  2 torpor snails
  5 water nymphs
  An ice statue (Vaults:3)
  12 vault sentinels
  A spiny frog (shapeshifter) (Vaults:1)
  7 spiny frogs
  A gargoyle (D:15)
  11 komodo dragons
  7 rime drakes
  13 demonic crawlers
  An ice devil (Orc:2)
  3 freezing wraiths
  A yaktaur (shapeshifter) (Vaults:1)
  9 kobold demonologists
  32 yaktaurs
  A red devil (Orc:2)
  30 merfolk
  9 trolls
  6 meliai (D:15)
  The ghost of Flanowski the Ruffian, a novice VSTm (D:3)
  4 polar bears
  A troll (shapeshifter) (Vaults:2)
  4 wind drakes
  A merfolk (shapeshifter) (D:15)
  Prince Ribbit (D:7)
  18 two-headed ogres
  A polar bear (shapeshifter) (Vaults:2)
  4 blink frogs (Lair:5)
  A blink frog (shapeshifter) (Vaults:2)
  55 jumping spiders
  A hippogriff (shapeshifter) (Vaults:2)
  11 snapping turtles
  A fire giant simulacrum (Vaults:2)
  2 dream sheep (shapeshifter)
  8 hippogriffs
  A frost giant simulacrum (Vaults:3)
  2 tarantellas (shapeshifter)
  17 water elementals
  24 tarantellas
  66 redbacks
  A vampire (D:14)
  A ynoxinul (Orc:2)
  A redback (shapeshifter) (Lair:6)
  A spriggan (shapeshifter) (Vaults:1)
  3 wyverns
  Sigmund (D:6)
  13 spriggans
  4 basilisks
  3 shadows
  31 yaks
  3 fire elementals (Orc:2)
  3 wraiths
  A golden eye (shapeshifter) (Vaults:3)
  A steam dragon (D:14)
  4 chaos spawn
  A hungry ghost (D:7)
  Menkaure (D:7)
  13 vampire mosquitoes
  6 wargs
  2 mottled dragons
  5 hell hounds (Orc:2)
  2 nagas (shapeshifter)
  11 water moccasins
  23 soldier ants
  7 porcupines
  59 orc warriors
  3 sky beasts
  6 black bears
  4 ice beasts
  3 necrophages
  29 wolves
  An eye of draining (D:13)
  A phantom (D:4)
  9 wasps
  43 ogres
  4 boggarts
  A tengu (D:14)
  17 centaurs
  15 big kobolds
  15 crocodiles
  19 bullfrogs
  A gnoll sergeant (D:8)
  3 wyvern zombies
  5 scorpions
  5 killer bees (D:8)
  A howler monkey (D:11)
  7 wights
  8 electric eels
  8 crimson imps
  3 hounds
  3 quasits
  5 jellies
  2 gnoll shamans
  39 orc priests
  12 centaur skeletons
  30 orc wizards
  3 bullfrog skeletons
  Jessica (D:2)
  11 iguanas
  Ijyb (D:2)
  35 worker ants
  A statue (D:9)
  24 hell rats
  A hound skeleton (D:4)
  A worker ant zombie (D:6)
  18 gnolls
  15 adders
  63 river rats
  4 shadow imps
  6 oozes
  An adder skeleton (D:9)
  2 adder zombies (D:6)
  8 worms
  2 dart slugs (D:2)
  11 leopard geckos
  127 orcs
  5 ball pythons
  8 giant cockroaches
  15 goblins
  6 hobgoblins
  10 jackals
  5 quokkas
  12 bats
  5 frilled lizards
  A jackal skeleton (D:6)
  43 kobolds
  24 rats
  3 fungi (Lair:6)
  29 plants
  4 tentacles
1909 creatures vanquished.

Vanquished Creatures (collateral kills)
  A sea snake (Shoals:3)
  An orc sorcerer (Orc:2)
  A water elemental (Shoals:3)
  A redback (Spider:1)
  An orc warrior (Orc:2)
  A fungus (Lair:3)
6 creatures vanquished.

Vanquished Creatures (others)
  A kraken (Shoals:3)
  A merfolk javelineer (Shoals:4)
  A yaktaur captain (Vaults:2)
  2 centaur warriors
  A satyr (Shoals:2)
  A deep troll (Vaults:1)
  A deep elf archer (Vaults:3)
  A harpy (Shoals:4)
  A wolf spider (Spider:2)
  A cyclops (Vaults:2)
  5 yaktaurs
  A slime creature (Vaults:2)
  A warg (Vaults:5)
  2 orc warriors
  2 centaurs (Vaults:3)
  8 fungi
  22 plants
  8 tentacles
60 creatures vanquished.

Grand Total: 1975 creatures vanquished

Notes
Turn   | Place    | Note
-------+----------+-------------------------------------------
     0 | D:1      | Hennin the Minotaur Fighter began the quest for the Orb.
     0 | D:1      | Reached XP level 1. HP: 19/19 MP: 0/0
   408 | D:1      | Reached XP level 2. HP: 26/26 MP: 1/1
   580 | D:1      | Reached skill level 3 in Axes
   939 | D:2      | Reached XP level 3. HP: 33/33 MP: 2/2
  1273 | D:2      | Noticed Jessica
  1283 | D:2      | Killed Jessica
  1283 | D:2      | Reached skill level 1 in Dodging
  1283 | D:2      | Reached XP level 4. HP: 36/40 MP: 3/3
  1542 | D:2      | Reached skill level 4 in Axes
  1812 | D:2      | Noticed Ijyb
  1823 | D:2      | Killed Ijyb
  1823 | D:2      | Reached XP level 5. HP: 42/46 MP: 5/5
  2307 | D:3      | Found a glowing drain.
  2335 | D:3      | Reached skill level 1 in Spellcasting
  2352 | Sewer    | Entered a sewer
  2814 | Sewer    | Reached skill level 5 in Axes
  2814 | Sewer    | Reached XP level 6. HP: 44/53 MP: 6/6
  3107 | Sewer    | Reached XP level 7. HP: 57/60 MP: 8/8
  3182 | Sewer    | Reached skill level 5 in Fighting
  3182 | Sewer    | Reached skill level 5 in Shields
  3230 | Sewer    | Reached skill level 5 in Armour
  3260 | Sewer    | Reached skill level 6 in Axes
  3390 | D:3      | Noticed Flanowski's ghost (novice VSTm)
  3404 | D:3      | Killed Flanowski's ghost
  4248 | D:4      | Reached XP level 8. HP: 66/69 MP: 10/10
  4810 | D:4      | Found a sacrificial altar of Ru.
  5202 | D:5      | Entered Level 5 of the Dungeon
  5247 | D:5      | Reached skill level 7 in Axes
  5956 | D:5      | Found a hazy altar of Hepliaklqana.
  6564 | D:6      | Noticed Sigmund
  6573 | D:6      | Killed Sigmund
  6573 | D:6      | Reached skill level 8 in Axes
  6573 | D:6      | Reached XP level 9. HP: 77/78 MP: 10/12
  7044 | D:6      | Found a staircase to the Ecumenical Temple.
  7057 | Temple   | Entered the Ecumenical Temple
  7149 | Temple   | Became a worshipper of Warmaster Okawaru
  7342 | D:6      | Reached skill level 5 in Dodging
  7618 | D:7      | Noticed Prince Ribbit
  7630 | D:7      | Killed Prince Ribbit
  7768 | D:7      | Reached * piety under Okawaru
  7768 | D:7      | Reached skill level 9 in Axes
  7852 | D:7      | Found a flagged portal.
  7879 | Bailey   | Entered a bailey
  8137 | Bailey   | Noticed an orc knight
  8148 | Bailey   | Killed an orc knight
  8241 | Bailey   | Found an iron altar of Okawaru.
  8522 | D:7      | Noticed Menkaure
  8531 | D:7      | Killed Menkaure
  8531 | D:7      | Reached XP level 10. HP: 37/86 MP: 14/14
  8954 | D:8      | Reached ** piety under Okawaru
  9238 | D:8      | Reached skill level 10 in Axes
  9738 | D:8      | Found Opekh's Jewellery Shop.
  9922 | D:8      | Found a sparkling altar of Nemelex Xobeh.
 10437 | D:9      | Reached *** piety under Okawaru
 10454 | D:9      | Found a radiant altar of Vehumet.
 10610 | D:9      | Found a staircase to the Orcish Mines.
 10811 | D:10     | Entered Level 10 of the Dungeon
 10969 | D:10     | Reached skill level 11 in Axes
 10970 | D:10     | Reached **** piety under Okawaru
 10970 | D:10     | Reached XP level 11. HP: 81/95 MP: 16/16
 11168 | D:10     | Noticed a hill giant
 11180 | D:10     | Killed a hill giant
 12547 | D:11     | Found Xiucaf's Food Emporium.
 12598 | D:11     | Found a staircase to the Lair.
 12783 | D:11     | Noticed an eight-headed hydra
 12795 | D:11     | Killed a 12-headed hydra
 12795 | D:11     | Reached ***** piety under Okawaru
 13106 | D:11     | Noticed a green ugly thing
 13117 | D:11     | Killed a green ugly thing
 14047 | D:12     | Reached skill level 12 in Axes
 14985 | D:12     | Noticed a hill giant
 14998 | D:12     | Killed a hill giant
 15173 | D:12     | Noticed a hill giant
 15177 | D:12     | Killed a hill giant
 15177 | D:12     | Reached skill level 5 in Spellcasting
 15177 | D:12     | Reached XP level 12. HP: 78/106 MP: 18/18
 15645 | D:12     | Received a gift from Okawaru
 15839 | Lair:1   | Entered Level 1 of the Lair of Beasts
 15864 | Lair:1   | Noticed Harold
 15869 | Lair:1   | Noticed Erica
 15870 | Lair:1   | Noticed Fannar
 15878 | Lair:1   | Killed Harold
 15882 | Lair:1   | Noticed Fannar
 15882 | Lair:1   | Fannar changed into Fannar the redback
 15884 | Lair:1   | Killed Fannar the redback
 15886 | Lair:1   | Killed Erica
 16040 | Lair:1   | Reached ****** piety under Okawaru
 16040 | Lair:1   | Reached skill level 10 in Armour
 16252 | Lair:1   | Learned a level 2 spell: Repel Missiles
 16255 | Lair:1   | Learned a level 2 spell: Passwall
 16815 | Lair:1   | Reached skill level 10 in Fighting
 16815 | Lair:1   | Reached skill level 13 in Axes
 16906 | Lair:1   | Reached skill level 10 in Shields
 17936 | Lair:3   | Noticed an eight-headed hydra
 17945 | Lair:3   | Killed a 12-headed hydra
 17954 | Lair:3   | Found a staircase to the Shoals.
 18634 | Lair:3   | Reached XP level 13. HP: 115/115 MP: 20/20
 18643 | Lair:3   | Reached skill level 14 in Axes
 18644 | Lair:3   | Received a gift from Okawaru
 18658 | Lair:3   | Got an ichor-stained shield {god gift}
 18669 | Lair:3   | Identified the +1 shield "Naiqathro" {rPois} (Okawaru gifted it to you on level 3 of the Lair of Beasts)
 19554 | Lair:4   | Got a brightly glowing glaive
 19598 | Lair:4   | Found a hole to the Spider Nest.
 21120 | Lair:5   | Reached skill level 15 in Axes
 21120 | Lair:5   | Reached skill level 10 in Dodging
 21543 | Lair:6   | Entered Level 6 of the Lair of Beasts
 21570 | Lair:6   | Received a gift from Okawaru
 22002 | Lair:6   | Reached XP level 14. HP: 125/125 MP: 22/22
 22423 | Lair:6   | Received a gift from Okawaru
 22638 | Lair:6   | Got a smoking turquoise ring
 22640 | Lair:6   | Identified the ring of Asips {rElec Stlth+} (You found it on level 6 of the Lair of Beasts)
 23057 | Lair:6   | Got a fine chain mail
 23068 | Lair:6   | Identified the +1 chain mail of the Everdark {*Drain rN+ Dex+2 Stlth+} (You found it on level 6 of the Lair of Beasts)
 23225 | Lair:6   | Found a staircase to the Slime Pits.
 23361 | Lair:1   | Reached skill level 16 in Axes
 23580 | D:13     | Found Lotzybil's Magic Scroll Shop.
 23586 | D:13     | Bought a scroll of identify for 22 gold pieces
 23586 | D:13     | Bought a scroll of enchant armour for 82 gold pieces
 23586 | D:13     | Bought a scroll of identify for 22 gold pieces
 23586 | D:13     | Bought a scroll of enchant armour for 82 gold pieces
 23586 | D:13     | Bought a scroll of recharging for 104 gold pieces
 23586 | D:13     | Bought a scroll of identify for 22 gold pieces
 23586 | D:13     | Bought a scroll of identify for 22 gold pieces
 23867 | D:13     | Found Becw's Gadget Boutique.
 23994 | D:13     | Found Etzadoupn's Book Boutique.
 24288 | D:13     | Found Baolioxi's Gadget Emporium.
 24445 | D:13     | Found Wuicziw's Antique Weapon Shop.
 24559 | D:14     | Found a gate to the Vaults.
 24615 | D:14     | Found a labyrinth entrance.
 24655 | Lab      | Entered a labyrinth
 26668 | Lab      | Got a vibrating ivory ring
 26669 | Lab      | Got a faintly humming chain mail
 26683 | Lab      | Identified the cursed +0 chain mail of the Abyss {MR+ Regen+ Stlth+} (You found it in a labyrinth)
 26698 | Lab      | Identified the ring "Moicyopp" {rF++ MP-9 Str+2 Stlth-} (You found it in a labyrinth)
 26699 | Lab      | Identified a +3 rod of clouds (11/11) (You found it in a labyrinth)
 26706 | Lab      | Identified the +1 glaive of Satyriasis {chop, rF- rC+ Str+9} (You found it on level 4 of the Lair of Beasts)
 26859 | D:14     | Found a shimmering altar of Xom.
 26939 | D:14     | Received a gift from Okawaru
 27438 | D:14     | Reached XP level 15. HP: 135/135 MP: 13/24
 27904 | D:15     | Entered Level 15 of the Dungeon
 27960 | D:15     | Found Ususiofedgh's Magic Scroll Shop.
 27965 | D:15     | Bought a scroll of identify for 26 gold pieces
 27965 | D:15     | Bought a scroll of remove curse for 39 gold pieces
 27965 | D:15     | Bought a scroll of identify for 26 gold pieces
 27965 | D:15     | Bought a scroll of enchant weapon for 97 gold pieces
 27965 | D:15     | Bought a scroll of identify for 26 gold pieces
 27983 | D:15     | Found a staircase to the Depths.
 28290 | D:15     | Reached skill level 17 in Axes
 28688 | D:15     | Found an iron altar of Okawaru.
 29398 | D:14     | Received a gift from Okawaru
 29560 | Orc:1    | Entered Level 1 of the Orcish Mines
 29844 | Orc:2    | Entered Level 2 of the Orcish Mines
 30024 | Orc:2    | Found a staircase to the Elven Halls.
 30182 | Orc:2    | Found Ismoptor's General Store.
 30183 | Orc:2    | Found Tohovva's Distillery.
 30404 | Orc:2    | Reached XP level 16. HP: 29/147 MP: 6/26
 30779 | Orc:2    | Bought a potion of heal wounds for 70 gold pieces
 30779 | Orc:2    | Bought a potion of invisibility for 112 gold pieces
 30779 | Orc:2    | Bought a potion of cure mutation for 350 gold pieces
 30779 | Orc:2    | Bought a potion of curing for 42 gold pieces
 30781 | Orc:2    | Bought a scroll of identify for 32 gold pieces
 30781 | Orc:2    | Bought a scroll of identify for 32 gold pieces
 30815 | Orc:2    | Found Caufer's Antique Weapon Boutique.
 30815 | Orc:2    | Found Vilut's Gadget Shop.
 30816 | Orc:2    | Found a one-way gate leading to the halls of Pandemonium.
 30890 | Orc:2    | Reached skill level 15 in Fighting
 30996 | Orc:2    | Noticed Azrael
 31018 | Orc:2    | Killed Azrael
 31018 | Orc:2    | Received a gift from Okawaru
 31125 | Orc:2    | Found a roughly hewn altar of Beogh.
 31575 | Orc:2    | Bought 3 scrolls of acquirement for 2496 gold pieces
 31583 | Orc:2    | Got a pair of polished gloves
 31594 | Orc:2    | Identified the +1 pair of gloves "Yzacrai" {rN+} (You acquired it on level 2 of the Orcish Mines)
 31611 | Orc:2    | Got a pair of steaming boots
 31617 | Orc:2    | Identified the +2 pair of boots of the Midnight Sun {+Inv rPois rF- Regen+} (You acquired it on level 2 of the Orcish Mines)
 31893 | Spider:1 | Entered Level 1 of the Spider Nest
 31933 | Spider:1 | Got a faintly humming scale mail
 31934 | Spider:1 | Identified the +0 scale mail "Tavvi Awo" {rElec rF- Int+9 Dex-5} (You found it on level 1 of the Spider Nest)
 31995 | Spider:1 | Reached skill level 18 in Axes
 32293 | Spider:1 | Noticed Nikola
 32308 | Spider:1 | Killed Nikola
 32310 | Spider:1 | Got a pair of blackened gloves
 32398 | Spider:1 | Identified the +1 pair of gloves of Veopt {rF+ Stlth+} (You took it off Nikola on level 1 of the Spider Nest)
 32992 | Spider:2 | Received a gift from Okawaru
 33130 | Spider:2 | Got a heavily runed hat {god gift}
 33141 | Spider:2 | Identified the +1 hat "Hymoapug" {+Blink rC+ rN++ Slay-4} (Okawaru gifted it to you on level 2 of the Spider Nest)
 34066 | Spider:3 | Received a gift from Okawaru
 34066 | Spider:3 | Reached XP level 17. HP: 158/158 MP: 19/28
 34193 | Spider:3 | Reached skill level 19 in Axes
 34377 | Spider:3 | Received a gift from Okawaru
 35601 | Spider:4 | Entered Level 4 of the Spider Nest
 35654 | Spider:4 | Noticed Arachne
 35678 | Spider:4 | Killed Arachne
 36509 | Spider:4 | Received a gift from Okawaru
 36847 | Spider:4 | Reached skill level 15 in Shields
 37136 | Spider:4 | Got a gossamer rune of Zot
 37229 | Spider:4 | Received a gift from Okawaru
 37823 | Depths:1 | Entered Level 1 of the Depths
 37823 | Depths:1 | Found a one-way gate to the infinite horrors of the Abyss.
 38397 | Shoals:1 | Entered Level 1 of the Shoals
 38793 | Shoals:1 | Reached skill level 20 in Axes
 38825 | Shoals:1 | Reached XP level 18. HP: 170/170 MP: 21/30
 39171 | Shoals:1 | Reached skill level 15 in Armour
 39182 | Shoals:1 | Received a gift from Okawaru
 39729 | Shoals:1 | Got a pair of distressingly furry boots
 39740 | Shoals:1 | Identified the +0 pair of boots of Daffodils {rF+ rCorr} (You acquired it on level 1 of the Shoals)
 40591 | Shoals:3 | Noticed Roxanne
 40607 | Shoals:3 | Killed Roxanne
 40795 | Shoals:3 | Received a gift from Okawaru
 41207 | Shoals:4 | Entered Level 4 of the Shoals
 41207 | Shoals:4 | Noticed Aizul
 41222 | Shoals:4 | Killed Aizul
 41397 | Shoals:4 | Noticed Ilsuiw
 41483 | Shoals:4 | Killed Ilsuiw
 42014 | Shoals:4 | Found Fuafiad's Assorted Antiques.
 42018 | Shoals:4 | Received a gift from Okawaru
 42025 | Shoals:4 | Bought 2 scrolls of teleportation for 180 gold pieces
 42025 | Shoals:4 | Bought a scroll of blinking for 225 gold pieces
 42363 | Shoals:4 | Reached skill level 21 in Axes
 42388 | Shoals:4 | Got a slimy eveningstar
 42415 | Shoals:4 | Noticed Bai Suzhen
 42429 | Shoals:4 | Killed Bai Suzhen
 42457 | Shoals:4 | Identified the +5 eveningstar "Difuodd" {crush, rN+++} (You found it on level 4 of the Shoals)
 42473 | Shoals:4 | Reached XP level 19. HP: 174/180 MP: 20/31
 42816 | Shoals:4 | Got a barnacled rune of Zot
 43253 | Shoals:4 | Got an ichor-stained flail
 43254 | Shoals:4 | Identified the +6 flail of the Vendetta {freeze, rF- Str+4 Stlth+} (You found it on level 4 of the Shoals)
 43261 | Shoals:4 | Got a pair of faintly glowing boots
 43272 | Shoals:4 | Identified the +1 pair of boots of Xofeu {Str+3 Int+2} (You found it on level 4 of the Shoals)
 43337 | Shoals:4 | Received a gift from Okawaru
 43936 | Vaults:1 | Entered Level 1 of the Vaults
 44332 | Vaults:1 | Found Commyor's Book Boutique.
 44351 | Vaults:1 | Noticed Saint Roka
 44373 | Vaults:1 | Killed Saint Roka
 44961 | Vaults:1 | Reached skill level 10 in Spellcasting
 45096 | Vaults:1 | Received a gift from Okawaru
 46373 | Vaults:2 | Received a gift from Okawaru
 46423 | Vaults:2 | Reached skill level 15 in Dodging
 46460 | Vaults:2 | Reached skill level 22 in Axes
 46510 | Vaults:2 | Reached XP level 20. HP: 189/189 MP: 24/33
 46554 | Vaults:2 | Received a gift from Okawaru
 46760 | Vaults:2 | Paralysed by something for 6 turns
 47071 | Vaults:2 | Found a staircase to the Crypt.
 47096 | Vaults:2 | Noticed Xtahua
 47099 | Vaults:2 | Paralysed by Xtahua for 3 turns
 47109 | Vaults:2 | Killed Xtahua
 47781 | Vaults:3 | Found a gateway to a bazaar.
 47791 | Bazaar   | Entered a bazaar
 47805 | Bazaar   | Found Xocoo's Gadget Shoppe.
 47805 | Bazaar   | Found Vaojus's Weapon Emporium.
 47826 | Bazaar   | Found Joocolur's Gadget Emporium.
 47841 | Bazaar   | Found Tuotzasi's Book Shoppe.
 47841 | Bazaar   | Found Buwnits's Antique Weapon Emporium.
 48230 | Vaults:3 | Received a gift from Okawaru
 48702 | Vaults:3 | Got an encrusted trident {freeze}
 48703 | Vaults:3 | Identified the +5 trident "Killer Bee's Death" {freeze, rN+ MR+ Dex+2} (You took it off a deep elf knight on level 3 of the Vaults)
 50765 | Vaults:4 | Received a gift from Okawaru
 50768 | Vaults:4 | Reached skill level 23 in Axes
 50768 | Vaults:4 | Reached XP level 21. HP: 199/199 MP: 25/34
 51010 | Vaults:5 | Entered Level 5 of the Vaults
 51018 | Vaults:5 | Noticed a golden dragon
 51042 | Vaults:5 | Killed a golden dragon
 51045 | Vaults:5 | Received a gift from Okawaru
 51050 | Vaults:5 | Noticed an ancient lich
 51070 | Vaults:5 | Noticed Jorgrun
 51076 | Vaults:5 | Noticed a golden dragon
 51078 | Vaults:5 | Killed from afar by an ancient lich

Vault maps used:
D:1:      zelgadis_glass_arrival_small
D:2:      kennysheep_goblin_castle, minmay_nonomino_d4, uniq_iyjb, uniq_jessica
D:3:      gup_sewer_entry_glass
D:4:      nicolae_ru_path_of_blood, first_bread, minmay_small_thing
D:5:      basic_altar
D:6:      uniq_sigmund
D:7:      enter_bailey_2, uniq_prince_ribbit1, uniq_menkaure
D:8:      kennysheep_mini, serial_shops, shop
D:9:      vehumet_statue, david_orc_4
D:11:     david_lair_shrubbed, serial_shops, shop, minivault_25_ag
D:12:     hangedman_pestilent_swarm, grunt_ministairs_13
D:13:     serial_shops, shop_coins, shop, kennysheep_mini_moat, shop_fountains,
          shop
D:14:     david_vaults_1, lab_entry_generic, minmay_guarded_unrand_variability
D:15:     grunt_enter_depths_hoard, basic_altar, serial_shops, shop,
          serial_park_tiny_1
Temple:   eino_narrow_crystal_temple
Lair:1:   disabler_island, grunt_megastairs_5, infiniplex_staircase_pool,
          uniq_harold, uniq_fannar, uniq_erica
Lair:2:   st_stairs_3
Lair:3:   elwin_shoals_entry_stream, guppyfry_lair_drakes, grunt_megastairs_1
Lair:4:   spider_nest_entry_web_field, lemuel_fruit_tree
Lair:5:   lemuel_ratsnest, forest_entry_grove
Lair:6:   minmay_lair_end_enchanted_forest, dpeg_slime_entry_corner,
          lemuel_fruit_fields
Shoals:1: nicolae_shoals_water_elemental_grotto
Shoals:3: uniq_roxanne
Shoals:4: shoals_end_grunt_ice, shoals_ilsuiw_alternative, serial_shops, shop,
          uniq_bai_suzhen, uniq_aizul
Spider:1: uniq_nikola
Spider:2: nicolae_spider_mines_3, zaba_anthell
Spider:3: nicolae_spider_nook
Spider:4: spider_rune_water, uniq_arachne
Orc:2:    pf_orc_diabolical, basic_altar, uniq_azrael
Vaults:1: v_pattern_2, hangedman_vaults_stretched_pinwheel, v_rooms_3,
          dpeg_vaults_monster_box, nicolae_vaults_ring_of_whatevers,
          vaults_room_semicircle, vaults_dpeg_encased_lava, vaults_room_pools,
          nicolae_vaults_display_case, hangedman_vaults_maws,
          hangedman_vaults_capsules, serial_shops, shop, uniq_saint_roka
Vaults:2: nicolae_vaults_ninety_degrees, v_misc_18,
          nicolae_vaults_specimen_jars, v_rooms_4, vaults_mumra_lcd,
          vaults_room_fancy_cross, hangedman_vaults_corner_blocks,
          nicolae_vaults_network_star, nicolae_vaults_network_barrier,
          vaults_mumra_hex, minmay_crypt_entry_simple_corners,
          vaults_room_hallway, hangedman_vaults_impose, v_misc_16, st_cross,
          v_misc_8, uniq_xtahua
Vaults:3: v_misc_30, hangedman_vaults_slice, nicolae_vaults_hallways_thing,
          nicolae_vaults_mini_display_case, vaults_dpeg_cross, v_misc_25,
          vaults_dpeg_ring, nicolae_vaults_angled_halls,
          vaults_room_stairs_pillars, serial_shops, statue_bzr
Vaults:4: nicolae_vaults_twisting_passages, v_misc_8, hangedman_vaults_stitches,
          vaults_room_door_ring, hangedman_vaults_restitches, v_rooms_6,
          vaults_dpeg_hooks, vaults_room_pools, ontoclasm_vaults_twist
Vaults:5: uniq_jorgrun, uniq_mennas
Depths:1: rand_demon_pan_entry_9, abyss_entry, hell_entry, minivault_14,
          special_room, lemuel_flamethrower_3, uniq_asterion
Bazaar:   bazaar_short_row
Sewer:    sewer_co_tree
Bailey:   bailey_axe_3, bailey

Skill      XL: |  1  2  3  4  5  6  7  8  9 10 11 12 13 14 15 16 17 18 19 20 21 |
---------------+----------------------------------------------------------------+-----
Axes           | 3 4 5 6 8 9 11 12 13 15 16 17 18 20 21 22 23 | 23.4
Shields        | 4 5 6 7 8 9 10 11 12 13 14 15 16 17 | 17.5
Fighting       | 4 5 6 7 8 9 10 11 13 14 16 17 18 19 | 19.9
Armour         | 4 5 6 7 8 9 10 11 12 13 14 15 16 17 | 17.6
Dodging        | 1 2 3 4 5 7 8 9 10 11 12 13 14 15 16 | 16.0
Spellcasting   | 1 2 3 4 5 6 7 8 9 10 | 10.9

Action                   |  1- 3 |  4- 6 |  7- 9 | 10-12 | 13-15 | 16-18 | 19-21 || total
-------------------------+-------+-------+-------+-------+-------+-------+-------++-------
Melee: War axe           |    80 |   153 |   352 |   630 |   976 |  1310 |   873 ||  4374
       Headbutt          |     8 |    20 |    64 |   159 |   245 |   333 |   256 ||  1085
Invok: Finesse           |       |       |       |       |       |       |     1 ||     1
 Abil: Evoke Flight      |       |       |     3 |       |       |       |       ||     3
       Evoke Berserk Rag |       |       |     1 |       |       |       |       ||     1
Evoke: Wand              |       |       |       |       |       |     5 |     8 ||    13
       Lamp of fire      |       |       |       |       |       |     1 |       ||     1
       Rod               |       |       |       |       |       |       |     1 ||     1
  Use: Scroll            |       |     9 |     6 |    20 |    23 |    20 |     5 ||    83
       Potion            |       |     3 |     2 |     3 |     4 |     9 |     8 ||    29
 Stab: Invisible         |       |       |     1 |       |       |     5 |     3 ||     9
       Sleeping          |       |       |       |     7 |     5 |       |       ||    12
       Distracted        |       |       |       |     2 |     1 |     2 |       ||     5
       Petrified         |       |       |       |     5 |     3 |     6 |    10 ||    24
       Confused          |       |       |       |     3 |     7 |     2 |     7 ||    19
       Petrifying        |       |       |       |     3 |     2 |     6 |     7 ||    18
       Paralysed         |       |       |       |     2 |     9 |    13 |     9 ||    33
  Eat: Chunk             |     1 |     4 |    18 |    20 |    16 |    29 |    22 ||   110
       Fruit             |       |     3 |     5 |     4 |     7 |     2 |       ||    21
       Beef jerky        |       |       |       |     6 |     5 |       |       ||    11
       Pizza             |       |       |       |       |     6 |     1 |       ||     7
       Royal jelly       |       |       |       |       |       |     4 |     1 ||     5
       Meat ration       |       |       |       |       |       |       |     1 ||     1
Armor: Scale mail        |    57 |     7 |       |       |       |       |       ||    64
       Chain mail        |       |    87 |   147 |       |       |       |       ||   234
       Plate armour      |       |       |     6 |    51 |       |       |       ||    57
       Shadow dragon arm |       |       |       |   181 |   233 |   540 |   276 ||  1230
Dodge: Dodged            |    26 |    45 |   116 |   202 |   271 |   504 |   312 ||  1476
Block: Shield            |    46 |   104 |   173 |   293 |   558 |  1215 |   765 ||  3154
       Reflection        |       |       |       |       |    27 |    65 |   143 ||   235
